AoeStats
← king.

Black Forest

509913836Analyzed
2v2 RM · 3d ago on Sep 28, 2026· 58m 6s· 4 players
Game mode
Random Map
Map size
Medium (4 player)
Population
200
Speed
Normal
Resources
Standard
Victory
Conquest
Starting age
Dark Age
Ending age
Imperial Age
RankedLock teamsTeams togetherTeam positionsShared explorationLock speedFull tech treeHidden civsTurbo modeCheats
Victory
Defeat
🇫🇷 Khmer · France
842
+17
🇫🇷 Franks · France
841
+17
🇹🇷 Berbers · Türkiye
870
-18
🇹🇷 Vietnamese · Türkiye
843
-16
Bafode_44
0:45 Loom
17:35 Feudal Age
22:45 Castle Age
23:59 Double-Bit Axe
24:51 Bloodlines
36:28 Imperial Age
36:38 Capped Ram
38:12 Double Crossbow
41:37 Siege Ram
47:08 Light Cavalry
49:01 Heavy Scorpion
floping44
0:28 Loom
14:50 Feudal Age
21:28 Castle Age
26:43 Double-Bit Axe
28:51 Gold Mining
32:35 Gold Shaft Mining
34:56 Imperial Age
33:37 Bow Saw
34:10 Husbandry
35:16 Cavalier
36:09 Town Watch
38:21 Chemistry
37:59 Paladin
50:23 Scale Barding Armor
50:29 Forging
51:43 Town Patrol
LordSNS
14:02 Feudal Age
15:08 Fishing Lines
15:40 Double-Bit Axe
21:09 Horse Collar
21:22 Gold Mining
21:25 Stone Mining
23:19 Wheelbarrow
24:55 Fletching
25:05 Padded Archer Armor
26:32 Bloodlines
28:28 Castle Age
28:59 Forging
28:54 Scale Barding Armor
29:18 Husbandry
30:13 Hand Cart
29:44 Town Watch
30:22 Bow Saw
30:15 Heavy Plow
30:49 Coinage
30:19 Caravan
30:57 Gold Shaft Mining
31:26 Thumb Ring
37:30 Imperial Age
37:25 Town Patrol
37:52 Kasbah
39:47 Elite Genitour
41:56 Conscription
41:39 Bodkin Arrow
41:59 Leather Archer Armor
42:05 Chain Barding Armor
44:17 Ballistics
44:59 Chemistry
44:40 Bracer
45:10 Ring Archer Armor
45:15 Iron Casting
46:52 Pikeman
47:33 Squires
47:21 Arson
47:11 Elite Camel Archer
49:18 Blast Furnace
48:54 Plate Barding Armor
49:18 Maghrebi Camels
51:03 Maghrebi Camels
53:42 Heavy Cavalry Archer
king.
1:30 Loom
17:30 Feudal Age
20:30 Double-Bit Axe
22:27 Wheelbarrow
24:32 Castle Age
23:29 Stone Mining
23:31 Gold Mining
25:08 Pikeman
26:01 Forging
26:41 Padded Archer Armor
27:06 Squires
27:23 Bow Saw
34:16 Caravan
38:45 Imperial Age
36:05 Elite Skirmisher
37:46 Fletching
38:12 Leather Archer Armor
38:27 Bodkin Arrow
39:43 Imperial Skirmisher
40:05 Halberdier
42:06 Fortified Wall
50:41 Bracer
51:12 Ring Archer Armor
51:05 Ballistics
51:46 Chemistry
50:28 Light Cavalry
54:36 Iron Casting
54:02 Scale Mail Armor
Connection lost

Rejoining the realm…

Still unreachable

The connection could not be restored.

Session expired

The server has moved on; the page needs a fresh start.